[Event "1000IM Saint Louis 2022"]
[Site "Saint Louis"]
[Date "2022.07.21"]
[Round "6.5"]
[White "Proleiko, Julian"]
[Black "Williams, Justus"]
[Result "0-1"]
[ECO "D27"]
[WhiteElo "2238"]
[BlackElo "2390"]
[Annotator "TA"]
[PlyCount "133"]
[EventDate "2022.07.20"]
[EventType "tourn"]
[EventCountry "USA"]
[SourceTitle "playchess.com"]
[Source "ChessBase"]
[SourceQuality "1"]
[TimeControl "5400+30"]

1. d4 d5 2. c4 c6 3. Nf3 Nf6 4. e3 a6 5. Nc3 e6 6. Be2 dxc4 7. a4 c5 8. Bxc4 Nbd7 {[%emt 0:01:12] 8...Be7 is a critical line.} 9. O-O cxd4 {[%emt 0:00:51] D27: Queen's Gambit Accepted: Classical main line: 7 e4!? and 7 a4.} 10. exd4 Nb6 {[%emt 0:01:52] Against d5} 11. Ba2 {[%emt 0:02:36] [#]} Bb4 $146 {[%emt 0:01:33] White is slightly better.} ({Predecessor:} 11... Nbd5 12. Bg5 Be7 13. Bxf6 Bxf6 14. Nxd5 exd5 15. Qb3 O-O 16. Qxd5 Qxd5 17. Bxd5 Rd8 18. Rfe1 g6 {½-½ (27) Urban,L (1835)-Galkin,W (1940) Oberhof 2010}) 12. Bg5 h6 13. Be3 (13. Bh4 $14 {is more appropriate.}) 13... O-O 14. Ne5 Nbd5 15. Rc1 Bd7 16. Nxd5 exd5 17. Bb1 Re8 18. f4 (18. Bf4 $142) 18... Bd6 $11 19. Bf2 Qb6 20. Qc2 Be6 21. f5 Bc8 22. Kh1 Ne4 23. Bg1 Qd8 24. f6 Bxe5 (24... Nxf6 $2 25. Rxf6 $1 Qxf6 26. Qh7+ Kf8 27. Rxc8 $1 $18 ) ({Better is} 24... gxf6 $17 25. Nd3 f5) 25. dxe5 Rxe5 26. Bd4 Rh5 (26... gxf6 27. Bxe5 fxe5 28. Qe2 $18) 27. Kg1 Qd6 28. Qc7 $1 g6 29. Rfe1 Bf5 30. h3 Qxc7 {[%emt 0:03:08] Really sharp!} 31. Rxc7 Ng3 $2 (31... Rh4 $11 {and Black stays safe.}) 32. Ba2 $1 $18 (32. Rxb7 Bxb1 33. Bf2 Ne4 $1 34. Rxb1 Nxf2 35. Kxf2 Rf5+ 36. Ke3 Rxf6 $11) 32... Be4 33. Bf2 (33. Rxb7 Rc8 $16) 33... Rg5 34. Be3 $2 ({Less strong is} 34. Rxb7 h5 $16) ({Only move:} 34. Re3 $18) 34... Rf5 $14 35. Bf2 $2 (35. Rc3 $1 $14) 35... Rg5 $1 $18 36. Re3 ({Not} 36. Rxb7 h5 $16) 36... Nf5 {[%emt 0:01:15] [#]} 37. Rxe4 $1 dxe4 38. Bxf7+ (38. Rxf7 $18 {and the rest is easy.} Kh8 39. Rd7) 38... Kh8 $16 39. Be6 (39. Bc5 $16) 39... e3 $11 40. Be1 {[%emt 0:00:04] Intending Bc3 and mate. A strong pair of Bishops.} Nd4 41. Bg4 Rf8 42. Bc3 e2 {[%emt 0:01:07][%cal Og5e5] ...Re5! is the strong threat.} 43. Rd7 $2 {[%emt 0:01:39] [#]} (43. Re7 $1 $11 Rd5 44. Bxe2 Nxe2+ 45. Rxe2) 43... Re5 $1 $19 44. Rxd4 {[%emt 0:00:59] Strongly threatening Kf2.} e1=Q+ 45. Bxe1 Rxe1+ {[%emt 0:00:10][%mdl 4096] Endgame KRR-KRB} 46. Kf2 Rb1 47. Rd6 Rxb2+ 48. Ke3 Rb4 (48... Rxg2 $142 {Hoping for ...Ra2.} 49. Kf4 Ra2) 49. Bf3 Rxa4 50. Bxb7 a5 51. Bd5 Ra1 52. Be4 Re1+ 53. Kd4 $2 (53. Kf4) 53... Rd1+ 54. Bd3 a4 {[%emt 0:00:26] aiming for ...a3.} 55. Kc3 Rb8 (55... Rc8+ $142 56. Kb4 a3 57. Kxa3 Rc3+ 58. Kb4 Rcxd3) 56. Kc2 Rg1 {[%emt 0:00:27] Threatens to win with ...a3.} 57. Be4 Re1 58. Bd5 (58. Bf3 $142) 58... Rc8+ 59. Kd2 (59. Kb2 $142 Rd1 60. Ka2) 59... Re5 60. Bb7 (60. Bf7 $142 a3 61. Ra6) 60... Rb8 {[%emt 0:00:26] Black is clearly winning.} 61. Bd5 a3 62. Bc4 Ra5 {[%emt 0:00:38] And now ...a2 would win.} 63. Ba2 Raa8 {[%emt 0:00:26] White must now prevent ...Rb2+.} 64. f7 Rb2+ 65. Kc3 Rxa2 66. Re6 Rf8 67. Kd4 {[%emt 0:00:42] Black used his chance.  Weighted Error Value: White=0.57/Black=0.33} 0-1

[Event "1000IM Saint Louis 2022"]
[Site "Saint Louis"]
[Date "2022.07.22"]
[Round "7.1"]
[White "Williams, Justus"]
[Black "Cervantes Landeiro, Thalia"]
[Result "1/2-1/2"]
[ECO "C77"]
[WhiteElo "2390"]
[BlackElo "2234"]
[Annotator "TA"]
[PlyCount "79"]
[EventDate "2022.07.20"]
[EventType "tourn"]
[EventCountry "USA"]
[SourceTitle "playchess.com"]
[Source "ChessBase"]
[SourceQuality "1"]
[TimeControl "5400+30"]

1. e4 e5 2. Nf3 Nc6 3. Bb5 a6 4. Ba4 Nf6 5. Qe2 b5 6. Bb3 Be7 7. a4 b4 8. d4 $1 {[%emt 0:03:56] 8.d4 is better than 8.a5. C77: Ruy Lopez: 3...a6 4 Ba4 Nf6, unusual lines.} d5 $1 (8... Nxd4 9. Nxd4 exd4 10. e5 $16) (8... exd4 9. e5 O-O 10. exf6 Bxf6 11. O-O $16) 9. exd5 Nxd4 10. Nxd4 {[%emt 0:01:47] The position is equal.} exd4 11. Qc4 O-O {[%emt 0:03:20] Hoping for ...Bd6.} 12. Qxd4 Be6 13. O-O Bxd5 {[%emt 0:01:16] [#]} 14. Nd2 $146 ({Predecessor:} 14. Bxd5 Nxd5 15. Nd2 {½-½ (15) Abravanel,C (2337)-Tournier,M (2225) France 2007}) 14... Re8 15. Nc4 Ne4 16. Na5 (16. Be3 $1 $11) 16... Bxb3 (16... c6 {with more complications.} 17. Bxd5 cxd5 18. Nc6 Bf6) 17. Qxd8 Raxd8 18. Nxb3 Bf6 19. Rb1 c5 20. Be3 c4 21. Na5 c3 22. bxc3 Nxc3 (22... Bxc3 23. Rfd1 $11) (22... bxc3 $6 23. Rfe1 $11) 23. Rb3 (23. Rbe1 $17 {keeps fighting.}) 23... Rc8 24. Nb7 Be7 {[%emt 0:01:00] Prevents Nd6.} 25. Ra1 f5 ({Black should try} 25... Rc7 $19 26. Na5 Rec8) 26. Kf1 ({Better is} 26. Bd2) 26... Rc7 $17 27. Na5 Bd6 (27... Nd5 $142 {aiming for ...Bf6.} 28. Re1 Rxc2) 28. Bd2 Ne4 29. Bxb4 Bxb4 ({Much weaker is} 29... Bxh2 $6 30. c4 $11) 30. Rxb4 Rxc2 31. f3 Nd2+ 32. Kg1 Re2 33. Rb8+ Kf7 34. Rb7+ Kf6 35. Rb6+ (35. Ra7 $11 {keeps the balance.}) 35... Kg5 $1 {[%emt 0:02:15][%cal Od2f3] White must now prevent ...Nxf3+!} 36. Rb7 {[%emt 0:00:23] [#]} (36. Rd1 $17 {might work better.}) 36... Nxf3+ $1 37. gxf3 $15 Rg2+ 38. Kf1 $2 {[%emt 0:00:22][%mdl 8192] [#]} (38. Kh1 $17 Rxh2+ 39. Kg1) 38... Rgf2+ $2 (38... Kh4 $1 $19 {[%cal Rh4h3] ( -> ...Kh3)} 39. Rf7 Rgf2+ 40. Kg1 Rg2+ 41. Kf1 h5) 39. Kg1 Kh4 $2 (39... Rg2+ $11 40. Kh1 Rxh2+ 41. Kg1 g6) 40. Rb6 $4 {[%emt 0:00:42][%mdl 40960] Weighted Error Value: White=0.42/Black=0.58. An unexpected result.} (40. Rxg7 $18 Rxf3 41. Rxh7+ Kg5 42. Rh8) 1/2-1/2

[Event "1000IM Saint Louis 2022"]
[Site "Saint Louis"]
[Date "2022.07.22"]
[Round "7.2"]
[White "Stefanov, Emil"]
[Black "Proleiko, Julian"]
[Result "1-0"]
[ECO "B53"]
[WhiteElo "2342"]
[BlackElo "2238"]
[Annotator "TA"]
[PlyCount "73"]
[EventDate "2022.07.20"]
[EventType "tourn"]
[EventCountry "USA"]
[SourceTitle "playchess.com"]
[Source "ChessBase"]
[SourceQuality "1"]
[TimeControl "5400+30"]

1. e4 c5 2. Nf3 d6 3. d4 cxd4 4. Qxd4 a6 5. c4 Nc6 6. Qe3 g6 {[%emt 0:01:02] B53: Sicilian: 2...d6: Lines with Qxd4.} 7. Be2 Bg7 8. O-O Bg4 {[%emt 0:01:52] White has an edge.} 9. Nc3 Rc8 10. b3 Nf6 11. Bb2 O-O 12. Rab1 Nd7 13. Rfd1 {[%emt 0:00:20] [#]} Nc5 $146 ({Predecessor:} 13... Qa5 14. h3 Bxf3 15. Bxf3 Qc5 16. Qxc5 Nxc5 17. Nd5 Bxb2 18. Rxb2 a5 19. g3 Kg7 {½-½ (48) Harika,D (2515)-Hou,Y (2658) Chess.com INT 2020}) 14. Rd2 Qa5 15. Rbd1 Rb8 16. Nd5 {[%emt 0:04:09][%cal Ob3b4] aiming for b4!} Bxf3 17. Bxg7 Kxg7 (17... Bxe2 $2 18. Bxf8 (18. Bc3 Qd8 $16) 18... Bxd1 19. Bxe7 $18) 18. Bxf3 e5 19. h4 ({White should play} 19. Nc3 $16) 19... Ne6 $11 20. h5 h6 {[%emt 0:01:27] [#] White now steadily converts the win.} (20... Qd8 $11) 21. Bg4 $1 $16 {[%emt 0:02:38] White is more active.} g5 (21... f5 $16 {was necessary.} 22. Be2 Ng5) 22. Bxe6 $18 (22. Qf3 $6 Qd8 $14) 22... fxe6 23. Nb6 Rbd8 24. Rxd6 Nd4 {[%emt 0:00:08] [#]} (24... Rxd6 $142 25. Rxd6 Nd4) 25. Nd7 $1 {[%emt 0:05:16] And now R1xd4 would win.} (25. Rd7+ Rxd7 26. Nxd7 Rd8 27. Rxd4 exd4 28. Qxd4+ Kg8 $11) 25... Rf4 $2 (25... Kg8 26. a4 (26. Nxf8 Rxd6 27. Ng6 Nc2 $16) 26... Rf7 27. Nxe5 Rxd6 28. Nxf7 Nf5) 26. c5 Qc3 {[%emt 0:03:20] ( -> ...Qxe3)} 27. Re1 (27. Qxc3 Ne2+ 28. Kf1 Nxc3 29. Nxe5 Rxd6 30. Rxd6 Nxe4 $16) (27. Nxe5 Qxe3 28. Ng4 Qe2 29. R6xd4 Rxd4 30. Rxd4 Qe1+ 31. Kh2 Rxg4 32. Rd7+ Kf6 33. Rd3 Ke5 34. Rg3 Rh4+ 35. Rh3 Rxh3+ 36. Kxh3 Qh1+ 37. Kg3 Kxe4 38. f3+ Ke3 39. Kg4 Qxg2#) (27. g3 $142 Qxe3 28. fxe3 Nf3+ 29. Kg2) 27... Qb4 {[%emt 0:00:15] White must now prevent ...Nc2.} 28. Rc1 {[%emt 0:01:04] Against Nc2. Threatens to win with Rc4.} ({Not} 28. Nxe5 Rxd6 29. cxd6 Nc2 $16) 28... Qb5 (28... Nb5 $142 29. Rdd1 Qxe4) 29. Rxd4 exd4 (29... Rxd7 30. Rd6 Rff7 31. Rxe6 Rd3) 30. Qxd4+ Kf7 31. Rd1 {[%emt 0:00:57] Ne5+ is the strong threat.} Qe2 32. f3 {[%emt 0:00:42] Intending Ne5+ and mate.} ({Less strong is} 32. Ne5+ Kg7 33. Nd7+ (33. Qxd8 $2 {is a self mate.} Qxf2+ 34. Kh2 Rh4#) 33... Kg8 $16) 32... Re8 (32... Kg8 $142 33. Nf6+ Rxf6 34. Qxd8+ Rf8) 33. Ne5+ Kg8 34. Ng6 {[%emt 0:00:53] White threatens Qh8+ and mate.} e5 35. Qd7 Qe3+ 36. Kh2 (36. Kh1 $142 Rff8 37. Nxf8 Kxf8 38. Qd6+ Kg8 39. Qg6+ Kf8 40. Qxh6+ Kg8 41. Qg6+ Kf8 42. Qf6+ Kg8 43. h6 Qg1+ 44. Kxg1 Re7 45. Qxe7 Kh8 46. Qg7#) 36... Ref8 37. Qe6+ {[%emt 0:00:34] Weighted Error Value: White=0.23 (precise) /Black=0.81} 1-0

[Event "1000IM Saint Louis 2022"]
[Site "Saint Louis"]
[Date "2022.07.22"]
[Round "7.3"]
[White "Altman, Joshua"]
[Black "Sethuraman, Sandeep"]
[Result "1/2-1/2"]
[ECO "D35"]
[WhiteElo "2162"]
[BlackElo "2305"]
[Annotator "TA"]
[PlyCount "74"]
[EventDate "2022.07.20"]
[EventType "tourn"]
[EventCountry "USA"]
[SourceTitle "playchess.com"]
[Source "ChessBase"]
[SourceQuality "1"]
[TimeControl "5400+30"]

1. d4 Nf6 2. c4 e6 3. Nf3 d5 4. cxd5 exd5 5. Nc3 c6 6. Bg5 h6 7. Bh4 Bf5 8. e3 Nbd7 9. Bd3 {[%emt 0:00:21] D35: Queen's Gambit Declined: Exchange Variation.} Bxd3 10. Qxd3 Bd6 11. O-O {[%emt 0:01:37] The position is equal.} O-O 12. e4 dxe4 13. Nxe4 Be7 14. Ng3 Re8 {[%emt 0:15:24] [#]} (14... g5 $2 15. Nf5 gxh4 16. Qe3 $16) 15. Nf5 $146 ({Predecessor:} 15. Rfe1 Qb6 16. Nf5 Bf8 17. Bxf6 Nxf6 18. Ne5 g6 19. Qg3 Kh7 20. Qh4 Nd5 21. Nxh6 {½-½ (21) Morschel,D (2300)-Ould Ahmed,S (2344) ICCF email 2008}) 15... Bf8 16. Rad1 Qa5 17. a3 g6 18. Ne3 Bg7 19. Qb3 Qb6 20. Qc2 Re6 (20... Qb5 {is more complex.} 21. Nc4 Nb6 22. Nd6 Re2) 21. Bg3 Nd5 22. Nc4 Qa6 23. h3 Rae8 24. Nd6 R8e7 25. Nc8 Re8 26. Nd6 Rd8 (26... R8e7 $11) 27. Rfe1 $36 {[%emt 0:01:36][%mdl 2048] [#] Rxe6 is the strong threat. White has some pressure.} Nf8 28. Ne4 Rde8 29. Be5 Nd7 30. Nd6 R8e7 31. Nc8 Re8 32. Nd6 Nxe5 (32... R8e7 $11) 33. Nxe8 (33. dxe5 $16 Rf8 34. g3) 33... Nxf3+ 34. gxf3 {[%emt 0:00:02] [#] aiming for Rxe6.} Rxe1+ 35. Rxe1 Bxd4 36. Qe4 Qb6 (36... Bxb2 $2 37. Nd6 Qxa3 38. Qe8+ Kh7 39. Qxf7+ Bg7 40. Ne8 $18 (40. Nxb7 Qc3 $16)) 37. Nd6 (37. Re2 $14) 37... Bxf2+ {Weighted Error Value: White=0.13 (very precise) /Black=0.12 (very precise)} 1/2-1/2

[Event "1000IM Saint Louis 2022"]
[Site "Saint Louis"]
[Date "2022.07.22"]
[Round "7.4"]
[White "Nyzhnyk, Illya"]
[Black "Tokhirjonova, Gulrukhbegim"]
[Result "*"]
[ECO "D78"]
[WhiteElo "2686"]
[BlackElo "2329"]
[Annotator "TA"]
[PlyCount "28"]
[EventDate "2022.07.20"]
[EventType "tourn"]
[EventCountry "USA"]
[SourceTitle "playchess.com"]
[Source "ChessBase"]
[SourceQuality "1"]
[TimeControl "5400+30"]

1. d4 Nf6 2. g3 g6 3. Bg2 d5 4. c4 dxc4 5. Qa4+ c6 6. Qxc4 Bg7 7. Nf3 O-O 8. O-O Be6 {[%emt 0:03:56] 8...b5 is the modern continuation.} 9. Qb4 {[%emt 0:03:46] D78: Fianchetto Grünfeld: 6 0-0 c6.} Qb6 10. Qxe7 Na6 11. Qa3 {[%emt 0:04:53] [#]} Rfd8 $146 (11... Bc4 12. Nc3 Rfe8 13. Qa4 Bxe2 14. Nxe2 Rxe2 15. Ne5 Rd8 16. Qc4) ({Predecessor:} 11... Bc4 12. Nc3 Rfe8 13. Qa4 Bxe2 14. Nxe2 Rxe2 15. Ne5 Rd8 16. Qc4 {1-0 (16) Bosiocic,M (2563)-Lorscheid,G (2237) Ditzingen 2015}) 12. Qa4 c5 13. dxc5 Nxc5 14. Qa3 Bf8 {[%emt 0:08:50] Weighted Error Value: White=0.12 (very precise) /Black=0.01 (flawless)} *

[Event "1000IM Saint Louis 2022"]
[Site "Saint Louis"]
[Date "2022.07.22"]
[Round "7.5"]
[White "Kozelov, Roman"]
[Black "Wang, Tianqi"]
[Result "0-1"]
[ECO "B31"]
[WhiteElo "2104"]
[BlackElo "2402"]
[Annotator "TA"]
[PlyCount "126"]
[EventDate "2022.07.20"]
[EventType "tourn"]
[EventCountry "USA"]
[SourceTitle "playchess.com"]
[Source "ChessBase"]
[SourceQuality "1"]
[TimeControl "5400+30"]

1. e4 c5 2. Nf3 Nc6 3. Bb5 g6 4. O-O Bg7 5. a4 e5 6. d3 {[%emt 0:01:00] B31: Sicilian: 2...Nc6 3 Bb5 g6.} Nge7 7. Be3 d6 {[%emt 0:00:10] [#]} 8. h3 $146 {[%emt 0:01:24] The position is equal.} ({Predecessor:} 8. c3 O-O 9. Bc4 h6 10. h3 Kh7 11. d4 cxd4 12. cxd4 d5 13. exd5 Nxd5 14. Bxd5 Qxd5 {½-½ (63) Aarland,S (2278)-Thomassen,T (2077) Gausdal 2005}) 8... h6 9. c3 O-O 10. d4 cxd4 11. cxd4 exd4 12. Nxd4 d5 13. exd5 (13. Nc3 $11) 13... Nxd5 $15 14. Bxc6 (14. Nxc6 $15 bxc6 15. Bxc6 Nxe3 16. fxe3) 14... Nxe3 $17 15. fxe3 bxc6 16. Nc3 c5 17. Ndb5 a6 18. Nd6 Be6 19. Nde4 c4 ({Black should try} 19... Qe7 20. Qe2 f5) 20. Qxd8 Rfxd8 21. Rad1 Rdb8 22. Rf2 Rb6 23. Nc5 Rab8 24. Nxe6 fxe6 25. Rdd2 Rb3 26. Nd1 Be5 $36 {[%emt 0:00:58][%mdl 2048] Black has the initiative.} 27. Rd7 R3b7 ({Much less strong is} 27... Bxb2 28. Nxb2 Rxb2 29. Rf6 $14) (27... R8b7 {with more complications.} 28. Rd8+ Kg7 29. Rc2 R3b4) 28. Rxb7 Rxb7 $15 {[%emt 0:00:11][%mdl 4096] Endgame KRB-KRN} 29. Rc2 Rb4 30. Nc3 Bxc3 31. Rxc3 {[%emt 0:00:37] Black keeps a firm grip on the game.} ({White must play} 31. bxc3 $15 Rxa4 32. Kf2) 31... Rxa4 {[%emt 0:00:05] KR-KR} 32. Kf2 Kf7 33. Kf3 Rb4 34. g3 (34. Ra3 $17) 34... Kf6 ({Inferior is} 34... Rxb2 35. Rxc4 a5 36. Ra4 $17) 35. Ra3 Rxb2 36. Rxa6 {[%emt 0:00:05] [#]} (36. Ra4 $17 {only move.}) 36... Ke5 $1 $19 37. Rc6 $2 (37. g4 {was necessary.}) 37... Kd5 38. Rc8 Rb6 {[%emt 0:00:43] ...Rc6 is the strong threat.} 39. Ke2 Rc6 40. Rd8+ Ke5 {[%emt 0:01:14] [#] Strongly threatening ...c3.} 41. Ra8 $2 (41. Rg8 {is the only way for White.} Kf5 42. g4+ Kf6 43. Kd2) 41... c3 42. Ra5+ Ke4 {[%emt 0:00:06] ( -> ...c2)} 43. Ra4+ Kd5 {[%emt 0:00:04] Threatens to win with ...c2.} 44. Kd1 c2+ 45. Kc1 Ke5 46. Rh4 $2 (46. h4) 46... h5 {[%emt 0:02:13] And now ...Rc3 would win.} 47. Ra4 Rc3 48. g4 h4 ({Weaker is} 48... Rxe3 49. gxh5 gxh5 50. Rh4 $17) 49. Ra5+ $2 (49. g5) 49... Ke4 50. Ra6 Kf3 {[%emt 0:12:20] Black mates.} 51. Rxe6 Kg3 52. Rxg6 Kxh3 53. Rh6 Kg3 54. g5 Rxe3 55. g6 Re4 56. g7 Rg4 57. Rc6 Rxg7 58. Rc3+ Kh2 59. Rxc2+ Rg2 60. Rc3 h3 61. Kd1 Rg3 62. Rc8 Kg2 63. Rc2+ Kg1 {[%emt 0:00:06] Weighted Error Value: White=0.45/Black=0.12 (very precise)} 0-1

[Event "1000IM Saint Louis 2022"]
[Site "Saint Louis"]
[Date "2022.07.22"]
[Round "8.1"]
[White "Cervantes Landeiro, Thalia"]
[Black "Wang, Tianqi"]
[Result "1/2-1/2"]
[ECO "D37"]
[WhiteElo "2234"]
[BlackElo "2402"]
[Annotator "TA"]
[PlyCount "42"]
[EventDate "2022.07.20"]
[EventType "tourn"]
[EventCountry "USA"]
[SourceTitle "playchess.com"]
[Source "ChessBase"]
[SourceQuality "1"]
[TimeControl "5400+30"]

1. d4 d5 2. c4 e6 3. Nc3 Be7 4. Nf3 Nf6 5. Bf4 O-O 6. e3 Nbd7 7. cxd5 Nxd5 8. Nxd5 {[%emt 0:01:31] D37: Queen's Gambit Declined: 5 Bf4.} exd5 9. Bd3 c5 10. dxc5 Nxc5 11. O-O Bg4 12. Be2 Bf6 13. h3 Bh5 14. Rc1 Ne6 15. Bg3 Qa5 16. Qb3 {[%emt 0:02:47] [#]} Rfd8 $146 {[%emt 0:00:32] Inhibits Bd6.} ({Predecessor:} 16... d4 17. exd4 Bxf3 18. Bxf3 Nxd4 19. Qxb7 Nxf3+ 20. Qxf3 Qxa2 21. b3 Rac8 22. Qb7 Rc2 23. Rxc2 Qxc2 24. Qxa7 Qxb3 25. Re1 h5 26. Qe3 Qxe3 {½-½ (26) Nguyen,A (2500)-Toufighi,H (2499) Khanty-Mansiysk 2010}) 17. a3 Qb6 18. Qxb6 axb6 19. Rc2 Rdc8 (19... d4 $11 20. Nxd4 Nxd4 21. exd4 Bg6) 20. Rfc1 Rc5 21. Bd6 Rxc2 {[%emt 0:20:25] Weighted Error Value: White=0.07 (flawless) /Black=0.12 (very precise)} 1/2-1/2

[Event "1000IM Saint Louis 2022"]
[Site "Saint Louis"]
[Date "2022.07.22"]
[Round "8.2"]
[White "Tokhirjonova, Gulrukhbegim"]
[Black "Kozelov, Roman"]
[Result "1-0"]
[ECO "C02"]
[WhiteElo "2329"]
[BlackElo "2104"]
[Annotator "TA"]
[PlyCount "95"]
[EventDate "2022.07.20"]
[EventType "tourn"]
[EventCountry "USA"]
[SourceTitle "playchess.com"]
[Source "ChessBase"]
[SourceQuality "1"]
[TimeControl "5400+30"]

1. e4 e6 2. d4 d5 3. e5 b6 4. h4 Qd7 5. h5 h6 6. c3 {[%emt 0:00:33] C02: French: Advance Variation.} Ne7 7. Nd2 c5 {[%emt 0:00:16] [#]} 8. Ndf3 $146 {[%emt 0:00:52] The position is equal.} ({Predecessor:} 8. Nh3 Ba6 9. Bxa6 Nxa6 10. Nf4 O-O-O 11. a3 Kb7 12. b4 cxd4 13. cxd4 Rc8 14. Rh3 {1-0 (32) Ivanovic,B (2530)-Gonzalez Rodriguez,J (2375) Saint John 1988}) 8... Ba6 9. Bxa6 Nxa6 10. Ne2 Nc6 11. a3 c4 12. Bf4 Na5 13. Nd2 b5 14. Rh3 Nc7 15. Rg3 Nc6 16. b3 a5 17. a4 cxb3 18. Nxb3 bxa4 19. Rxa4 Nb5 (19... Ra7 $14 {feels stronger.}) 20. Qa1 $16 Qb7 21. Bd2 ({Reject} 21. Nxa5 $6 Qa6 $11) 21... Qb6 22. Nec1 ({White should try} 22. c4 dxc4 23. Rxc4) 22... Nc7 23. Qa2 $1 Qb5 24. Nd3 Be7 25. Nbc5 Na6 26. Nb3 (26. Nxa6 $16 {Threatens to win with Nc7+.} Rxa6 27. Qc2) 26... Nc7 $14 27. Ndc5 (27. Nbc1 $5 ) 27... Bxc5 (27... Kf8 $11) 28. Nxc5 $16 Rb8 29. Rxg7 {[%emt 0:02:57] White is more active.} Na6 30. Nxa6 Qxa6 31. Qc2 {[%emt 0:00:38] Against Qd3} Qb5 32. Ra1 {[%emt 0:01:27] Inhibits Qb1+.} Qc4 33. Qd1 Rb3 34. Rg3 ({Don't do} 34. Qf3 $6 Rf8 $14) 34... a4 $2 {[%emt 0:00:33] Black cannot hold the game after this.} (34... Qb5 $16) 35. Qe2 $18 {[%emt 0:02:07] aiming for Qxc4.} Na5 36. Qxc4 Nxc4 37. Rxa4 Kd7 (37... Ra3 $142) 38. Rb4 Ra3 39. Rb1 {[%emt 0:00:40] [#] Against Ra1. And now Rg7 would win.} ({Resist} 39. Rb7+ Kc6 $18) 39... Ra2 40. Bc1 Rha8 $2 (40... Kc6 41. Rf3 Rh7) 41. Rf3 {[%emt 0:00:34] White is clearly winning.} Rc2 42. Rxf7+ Kc6 43. Rf3 Raa2 44. Bxh6 Nb2 45. Rc1 Nd3+ 46. Rxd3 {[%emt 0:00:51] [#] Hoping for Rxc2.} Re2+ 47. Kd1 Rxf2 48. Rd2 {[%emt 0:00:23] Weighted Error Value: White=0.21 (precise) /Black=0.36} 1-0

[Event "1000IM Saint Louis 2022"]
[Site "Saint Louis"]
[Date "2022.07.22"]
[Round "8.3"]
[White "Sethuraman, Sandeep"]
[Black "Nyzhnyk, Illya"]
[Result "0-1"]
[ECO "E62"]
[WhiteElo "2305"]
[BlackElo "2686"]
[Annotator "TA"]
[PlyCount "86"]
[EventDate "2022.07.20"]
[EventType "tourn"]
[EventCountry "USA"]
[SourceTitle "playchess.com"]
[Source "ChessBase"]
[SourceQuality "1"]
[TimeControl "5400+30"]

1. d4 Nf6 2. c4 d6 3. Nf3 g6 4. g3 Bg7 5. Bg2 O-O 6. Nc3 Nc6 7. O-O Bg4 8. d5 Na5 9. Nd2 c5 10. Qc2 a6 11. h3 Bd7 12. b3 b5 13. Bb2 Rb8 14. Rab1 Qc7 15. e4 bxc4 {[%emt 0:00:08] E62: King's Indian: Fianchetto: 6...c6 and Panno Variation (6...Nc6) without ...a6.} 16. bxc4 Rb4 17. Ba3 Rxb1 {[%emt 0:00:04] White is slightly better.} 18. Rxb1 Rb8 {[%emt 0:00:06] [#]} 19. Nd1 $146 ({Predecessor:} 19. Ne2 Rb6 20. f4 Qb8 21. Rxb6 Qxb6 22. g4 Ne8 23. Nf3 e6 24. e5 Nc7 25. exd6 Qxd6 {1-0 (49) Laylo,D (2502)-Djuraev,S (2375) Ho Chi Minh City 2012}) 19... Rxb1 20. Nxb1 Qb6 21. Bb2 Bh6 22. f4 Nh5 23. Kh2 (23. Qc3 $2 Bg7 24. Qc1 (24. e5 $2 Ba4 $19) 24... Nxg3 $17) 23... Bg7 24. Bxg7 (24. Nd2 {with more complications.} Bd4 25. Bc3 f6 26. Qd3) 24... Nxg7 25. Nb2 Ne8 26. Bf1 e5 27. Qc3 f6 28. Nd2 Nc7 29. Be2 Nb7 30. Bd1 Qb4 31. Qxb4 (31. Qc2 $11) 31... cxb4 $17 32. Ba4 (32. Nd3 $17) 32... Bxa4 $1 $19 33. Nxa4 {[%emt 0:00:03][%mdl 4096] Endgame KNN-KNN} a5 $1 34. fxe5 fxe5 35. Nb3 (35. c5 $142 Nxc5 36. Nxc5 dxc5 37. Nb3) 35... Na6 {[%emt 0:00:03] ...Nac5 is the strong threat.} 36. Kg2 {[%emt 0:00:41] [#]} Nac5 $1 37. Naxc5 dxc5 {[%emt 0:00:12] KN-KN} 38. Kf3 {[%emt 0:01:23] [#]} a4 $1 39. Nc1 Na5 40. Nd3 $2 (40. Ke2) 40... b3 {[%emt 0:00:19] Black is clearly winning.} 41. axb3 Nxb3 {[%emt 0:00:05] Hoping for ...a3.} 42. Nxe5 a3 43. d6 Nd4+ {[%emt 0:00:12] Weighted Error Value: White=0.68/Black=0.05 (flawless)} 0-1